 Dungeon Crawl Stone Soup: Circus Animals version 1.7-37-g2c94cca (webtiles) character file.

5543 DarthKuruptios2 the Keeper (level 11, 118/118 (119) HPs) *STANDARD*
             Began as a High Elf Conjurer on Oct 31, 2016.
             Quit the game on level 6 of the Lair of Beasts on Nov 4, 2016.
             The game lasted 00:57:56 (12231 turns).

DarthKuruptios2 the Keeper (High Elf Conjurer)     Turns: 12231, Time: 00:57:56

HP:   118/118 (119) AC:  7    Str:  7    XL:     11   Next: 86%
MP:   167/175       EV: 16    Int: 20    God:
Gold: 839           SH:  0    Dex: 19    Spells: 5 memorised, 6 levels left

rFire  . . .     rPois    .     d - +0 falchion
rCold  . . .     rElec    .     c - +1 robe "Ynuot" {*Drain rCorr SInv}
rNeg   . . .     rCorr    +     (no shield) MagicSh . . . SeeInvis +
                                m - +0 helmet StaminaSh . . . Faith .
                                e - +0 cloak RegenHP +++.......
SustAt .                        (no gloves) RegenSP +++....... Dismiss .
                                b - +1 pair of boots RegenMP ++++...... Reflect .
                                (no amulet)
MR     +....     Harm     .     r - ring "Wamnos" {Wiz Stlth+}
Stlth  ++++......               f - ring of magical power

@: very slightly contaminated, slow, somewhat resistant to hostile enchantments,
stealthy
A: clean dna 2, focussed dna 2
a: no special abilities


You were on level 6 of the Lair of Beasts.
You were not hungry.

You visited 2 branches of the dungeon, and saw 13 of its levels.

You collected 839 gold pieces.

Inventory:

Hand Weapons
 d - a +0 falchion (weapon)
Armour
 b - a +1 pair of boots (worn)
 c - the +1 robe "Ynuot" (worn) {*Drain rCorr SInv}
   (You found it on level 4 of the Dungeon)

   It lets you see invisible.
   It protects you from acid and corrosion.
   It causes draining when unequipped.
 e - a +0 cloak (worn)
 m - a +0 helmet (worn)
Magical Staves
 a - an uncursed staff of poison
Jewellery
 f - a ring of magical power (left hand)
 h - an uncursed ring of ice
 k - a +2 ring of slaying
 n - an uncursed ring of magical power
 r - the ring "Wamnos" (right hand) {Wiz Stlth+}
   (You found it on level 4 of the Lair of Beasts)

   [ring of wizardry]

   It improves your spell success rate.
   It makes you more stealthy.
 t - an uncursed ring of protection from cold
 v - an uncursed ring of protection from fire
Wands
 g - a wand of acid (24/45)
 i - a wand of disintegration (26/48)
 j - a wand of lightning (3/15)
 l - a wand of digging (10/24)
 o - a wand of flame (19/48)
 q - a wand of iceblast (9/15)
 s - a wand of random effects (19/48)
 u - a wand of paralysis (15/24)
Scrolls
 e - 4 scrolls of immolation
 f - a scroll of identify
 h - 2 scrolls of amnesia
 j - a scroll of noise
 m - 4 scrolls of fear
 q - 4 scrolls of enchant armour
 s - 2 scrolls of teleportation
 t - a scroll of magic mapping
 v - a scroll of recharging
 w - 2 scrolls of blinking
 x - a scroll of remove curse
 y - 2 scrolls of enchant weapon
 A - 5 scrolls of fog
Potions
 c - 6 potions of stamina
 d - 13 potions of magic
 g - 12 potions of curing
 i - 5 potions of ambrosia
 k - 8 potions of haste
 n - 5 potions of lignification
 o - a potion of agility
 p - 3 potions of might {unknown}
 r - 6 potions of flight
 u - 3 potions of resistance {unknown}
 z - 3 potions of invisibility {unknown}
 B - a potion of berserk rage {unknown}
Books
 a - a book of Conjurations

   Spells                             Type                      Level
   a - Magic Dart                     Conjuration                  1
   b - Searing Ray                    Conjuration/Light            2
   c - Dazzling Spray                 Conjuration/Hexes/Light      3
   d - Fulminant Prism                Conjuration/Hexes/Time       4
   e - Iskenderun's Mystic Blast      Conjuration/Ice              4
   f - Iskenderun's Battlesphere      Conjuration/Charms/Light     5
 l - a book of Minor Magic

   Spells                             Type                      Level
   a - Magic Dart                     Conjuration                  1
   b - Blink                          Translocation                2
   c - Call Imp                       Summoning/Darkness           2
   d - Repel Missiles                 Charms/Air                   2
   e - Slow                           Hexes/Time                   2
   f - Conjure Flame                  Conjuration/Fire             3
   g - Mephitic Cloud                 Conjuration/Poison/Air       3
Miscellaneous
 p - a phantom mirror


   Skills:
 - Level 2.4 Dodging
 - Level 2.8 Stealth
 + Level 6.2 Spellcasting
 + Level 6.9 Conjurations
 * Level 6.3 Hexes
 + Level 4.2 Charms
 * Level 6.0 Ice Magic
 + Level 4.2 Light Magic
 * Level 7.0 Time Magic


You had 6 spell levels left.
You knew the following spells:

 Your Spells              Type           Power        Failure   Level  Hunger
a - Magic Dart            Conj           #.........   2%          1    ##.....
b - Iskenderun's Mystic   Conj/Ice       #.........   13%         4    ###....
c - Fulminant Prism       Conj/Hex/Time  #.........   12%         4    ###....
d - Iskenderun's          Battles        Conj/Chrm/Light#......... 24%         5    ####...
e - Blink                 Tloc           #.........   8%          2    ##.....


Dungeon Overview and Level Annotations

Branches:
Dungeon (7/7)                Lair (6/7) D:7          Shoals (0/4) Lair:4
  Snake (0/4) Lair:4        Swamp (0/4) Lair:2

Altars:
Ru
Jiyva


Innate Abilities, Weirdness & Mutations

You have a better chance of losing mutations.
New mutations are much more likely to enhance existing mutations.


Message History

(D) Dungeon (L) Lair (A) Shoals (P) Snake Pit (S) Swamp
Where to? (? - help) Travelling...
You see here a porcupine corpse.
There is a stone staircase leading down here.
You climb downwards.
Your summoned creatures have suddenly lost their courage!
Magic restored. 4 wolves, a yak and a hippogriff come into view.
There is a stone staircase leading up here.
You miscast Iskenderun's Mystic Blast.
You are very lightly contaminated with residual magic.
You feel a strange surge of energy!
Okay, then.
Welcome back, DarthKuruptios2 the High Elf Conjurer.
You are playing the Standard difficulty mode, Classic experience mode Press ? for a list of commands and other information.
Welcome back, DarthKuruptios2 the High Elf Conjurer.
You are playing the Standard difficulty mode, Classic experience mode Press ? for a list of commands and other information.
Are you sure you want to abandon this character and quit the game? (Confirm with "yes".)

..H . .P#.#
..#. # #####
... #.#..P.#..#
..........#
........P####
.......@....#
....P#........#
... ..........#
. ..........hh.
.P...#...#h..##
.........#.#.#
.#P. Y..## h.#
###..... ...


You could see a yak (sleeping), a hippogriff (sleeping) and 4 wolves.

Vanquished Creatures
  4 hydras
  2 catoblepae (Lair:5)
  Erica (Lair:2)
  4 death yaks (Lair:4)
  7 elephants (Lair:5)
  2 black mambas (Lair:5)
  A molten gargoyle (Lair:5)
  5 spiny frogs
  6 komodo dragons
  A rime drake (Lair:5)
  9 blink frogs
  25 yaks
  A hungry ghost (D:7)
  5 hippogriffs
  4 fire bats (Lair:5)
  3 swamp worms (Lair:2)
  Sigmund (D:3)
  A naga (Lair:4)
  A black bear (Lair:1)
  10 water moccasins
  4 phantoms
  2 sky beasts (D:5)
  An ice beast (D:4)
  3 ogres
  10 porcupines
  2 orc warriors
  Menkaure (D:4)
  14 crocodiles
  6 centaurs
  8 wolves (Lair:3)
  11 giant frogs
  A gnoll sergeant (D:6)
  Blork the orc (D:7)
  3 scorpions
  4 electric eels
  6 crimson imps
  3 howler monkeys (D:5)
  A centaur zombie (D:5)
  5 jellies
  A lava snake (Lair:5)
  6 hounds
  A centaur skeleton (D:5)
  2 giant frog skeletons
  6 orc priests
  7 iguanas
  11 orc wizards
  8 worker ants
  3 hound skeletons
  3 dart slugs
  9 giant geckos
  3 gnolls (D:6)
  4 oozes
  31 orcs
  13 adders
  3 ball pythons
  13 giant cockroaches
  6 goblins
  11 hobgoblins
  11 jackals
  3 quokkas
  42 river rats
  A shadow imp (D:5)
  4 worms
  10 bats
  6 giant newts
  7 kobolds
  7 rats
  5 fungi
416 creatures vanquished.

Vanquished Creatures (others)
  28 fulminant prisms
  2 fungi (Lair:5)
30 creatures vanquished.

Grand Total: 446 creatures vanquished

Notes
Turn   | Place    | Note
-------+----------+-------------------------------------------
     0 | D:1      | DarthKuruptios2 the High Elf Conjurer began the quest for the Orb.
     0 | D:1      | Reached XP level 1. HP: 29/29 MP: 150/150
   480 | D:1      | Reached XP level 2. HP: 38/38 MP: 146/150
   812 | D:2      | Reached XP level 3. HP: 47/47 MP: 146/150
  1377 | D:3      | Noticed Sigmund
  1381 | D:3      | Killed Sigmund
  1381 | D:3      | Reached XP level 4. HP: 56/56 MP: 137/150
  1908 | D:3      | Reached skill level 5 in Conjurations
  1995 | D:3      | Reached XP level 5. HP: 56/65 MP: 111/150
  2004 | D:3      | Learned a level 4 spell: Iskenderun's Mystic Blast
  2009 | D:3      | Learned a level 4 spell: Fulminant Prism
  2484 | D:4      | Got a transparent robe
  2495 | D:4      | Identified the +1 robe "Ynuot" {*Drain rCorr SInv} (You found it on level 4 of the Dungeon)
  2505 | D:4      | Noticed Menkaure
  2515 | D:4      | Killed Menkaure
  2515 | D:4      | Reached skill level 1 in Hexes
  2550 | D:4      | Reached skill level 1 in Ice Magic
  2595 | D:4      | Reached skill level 1 in Time Magic
  2595 | D:4      | Reached XP level 6. HP: 60/74 MP: 122/150
  2941 | D:5      | Entered Level 5 of the Dungeon
  3145 | D:5      | Reached skill level 2 in Time Magic
  3386 | D:5      | Found a faded altar of an unknown god.
  3390 | D:5      | Reached XP level 7. HP: 83/83 MP: 147/150
  3397 | D:5      | Learned a level 5 spell: Iskenderun's Battlesphere
  4268 | D:6      | Found a sacrificial altar of Ru.
  4543 | D:7      | Entered Level 7 of the Dungeon
  4979 | D:7      | Noticed Blork the orc
  4982 | D:7      | Killed Blork the orc
  5486 | D:7      | Found a staircase to the Lair.
  5496 | Lair:1   | Entered Level 1 of the Lair of Beasts
  5605 | Lair:1   | Reached skill level 3 in Time Magic
  5709 | Lair:1   | Reached XP level 8. HP: 92/92 MP: 105/105
  6043 | Lair:1   | Reached skill level 4 in Time Magic
  6498 | Lair:2   | Reached skill level 5 in Spellcasting
  6570 | Lair:2   | Reached skill level 1 in Light Magic
  6710 | Lair:2   | Found a staircase to the Swamp.
  6713 | Lair:2   | Reached skill level 1 in Charms
  6974 | Lair:2   | Found a viscous altar of Jiyva.
  7125 | Lair:2   | Reached XP level 9. HP: 101/101 MP: 94/105
  7261 | Lair:2   | Noticed Erica
  7265 | Lair:2   | Killed Erica
  8478 | Lair:3   | Reached skill level 5 in Time Magic
  9047 | Lair:4   | Reached XP level 10. HP: 94/110 MP: 99/107
  9078 | Lair:4   | Got a scintillating granite ring
  9080 | Lair:4   | Identified the ring "Wamnos" {Wiz Stlth+} (You found it on level 4 of the Lair of Beasts)
  9279 | Lair:4   | Noticed a three-headed hydra
  9284 | Lair:4   | Killed a three-headed hydra
  9285 | Lair:4   | Noticed a three-headed hydra
  9287 | Lair:4   | Killed a three-headed hydra
  9316 | Lair:4   | Found a staircase to the Snake Pit.
  9362 | Lair:4   | Reached skill level 5 in Hexes
  9720 | Lair:4   | Found a staircase to the Shoals.
  9748 | Lair:4   | Noticed a death yak
  9750 | Lair:4   | Noticed a death yak
  9750 | Lair:4   | Noticed a death yak
  9752 | Lair:4   | Noticed a death yak
  9754 | Lair:4   | Killed a death yak
  9755 | Lair:4   | Killed a death yak
  9755 | Lair:4   | Reached skill level 5 in Ice Magic
  9755 | Lair:4   | Killed a death yak
  9756 | Lair:4   | Killed a death yak
  9756 | Lair:4   | Reached skill level 6 in Time Magic
 10275 | Lair:4   | Noticed a three-headed hydra
 10280 | Lair:4   | Killed a three-headed hydra
 10495 | Lair:4   | Learned a level 2 spell: Blink
 10537 | Lair:5   | Noticed a catoblepas
 10773 | Lair:5   | Reached XP level 11. HP: 119/119 MP: 118/150
 10864 | Lair:5   | Noticed a three-headed hydra
 10870 | Lair:5   | Killed a three-headed hydra
 10978 | Lair:5   | Noticed a catoblepas
 10995 | Lair:5   | Killed a catoblepas
 11433 | Lair:5   | Killed a catoblepas
 11812 | Lair:5   | Reached skill level 7 in Time Magic
 12231 | Lair:6   | Quit the game

Skill      XL: |  1  2  3  4  5  6  7  8  9 10 11 |
---------------+----------------------------------+-----
Spellcasting   | 4 5 6 |  6.2
Conjurations   | 5 6 |  6.9
Hexes          | 1 2 3 4 5 6 |  6.3
Ice Magic      | 1 2 3 4 5 6 |  6.0
Time Magic     | 1 2 3 4 5 6 7 |  7.0
Light Magic    | 1 2 3 4 |  4.2
Charms         | 1 2 3 4 |  4.2
Dodging        | |  2.4
Stealth        | |  2.8

Action                   |  1- 3 |  4- 6 |  7- 9 | 10-12 || total
-------------------------+-------+-------+-------+-------++-------
Melee: Falchion          |       |    39 |    30 |    24 ||    93
 Cast: Magic Dart        |    81 |   193 |     7 |     3 ||   284
       Iskenderun's Myst |       |    50 |   240 |   150 ||   440
       Fulminant Prism   |       |     1 |     1 |    26 ||    28
       Iskenderun's Batt |       |       |     6 |     6 ||    12
  Use: Scroll            |    13 |     3 |     5 |     3 ||    24
       Potion            |       |     3 |       |     3 ||     6
Armor: Robe              |     3 |    16 |     3 |    31 ||    53
Dodge: Dodged            |    10 |   101 |    59 |    90 ||   260
